 Dungeon Crawl Stone Soup version 0.31-a0-672-g7da72447bb (webtiles) character file.

Game seed: 10549893293084404769

3579 Xavori the Covert (level 10, -2/69 HPs)
             Began as an Octopode Chaos Knight on Sept 4, 2023.
             Was a Plaything of Xom.
             Slain by a killer bee (10 damage)
             ... on level 6 of the Dungeon.
             The game lasted 00:09:23 (15437 turns).

Xavori the Covert (Octopode Chaos Knight)          Turns: 15437, Time: 00:09:23

Health: -2/69      AC:  1    Str: 18    XL:     10   Next: 10%
Magic:  19/19      EV: 17    Int: 21    God:    Xom [...*..]
Gold:   2436       SH:  4    Dex: 23    Spells: 9/9 levels left

rFire   . . .        b - +3 dagger (elec)
rCold   + . .        (no shield)
rNeg    . . .        (helmet restricted)
rPois   +            (no amulet)
rElec   .            k - ring of protection from cold
rCorr   .            s - +6 ring of dexterity
SInv    +            t - +6 ring of strength
Will    .....        n - ring of magical power
Stlth   ++++++       (no ring)
HPRegen 0.31/turn    (no ring)
MPRegen 0.16/turn    (no ring)
                     (no ring)

%: clarity
@: no status effects
A: almost no armour, amphibious, 8 rings, camouflage 1, gelatinous body 1,
(nimble swimmer 1), tentacles, tentacle spike 1, large bone plates 1, see
invisible, agile 1, clarity, clever 2, sense surroundings 2, poison resistance,
strong 1, wild magic 1
a: Renounce Religion


You were on level 6 of the Dungeon.
You worshipped Xom.
You were a favourite toy of Xom.
You visited 1 branch of the dungeon, and saw 7 of its levels.
You also visited: Sewer.

You collected 2436 gold pieces.

Inventory:

Hand Weapons
 a - the +27 heavy crossbow "Sniper" {heavy, Acc+∞ SInv}
   (You acquired it on level 5 of the Dungeon)

   Acc+∞: It never misses its target.
   SInv:      It lets you see invisible.
 b - a +3 dagger of electrocution (weapon)
Jewellery
 k - a ring of protection from cold (left tentacle)
 n - a ring of magical power (on tentacle)
 s - a +6 ring of dexterity (right tentacle)
 t - a +6 ring of strength (on tentacle)
Wands
 l - a wand of mindburst (8)
 x - a wand of iceblast (21)
Scrolls
 d - a scroll of poison {unknown}
 f - a scroll of blinking
 g - a scroll of enchant weapon
 i - 2 scrolls of immolation
 p - 2 scrolls of identify
 q - a scroll of amnesia
 y - 2 scrolls of butterflies
 z - 2 scrolls of teleportation
Potions
 c - 3 potions of lignification {unknown}
 e - 3 potions of resistance {unknown}
 h - 4 potions of heal wounds
 j - 2 potions of mutation {unknown}
 m - 2 potions of brilliance {unknown}
 o - 8 potions of curing
 r - a potion of degeneration {unknown}
 v - 2 potions of haste {unknown}
 w - a potion of might {unknown}
 A - a potion of invisibility {unknown}


   Skills:
 + Level 6.4 Fighting
 + Level 7.2 Short Blades
 * Level 5.0 Ranged Weapons
 + Level 5.8 Dodging
 + Level 11.5 Stealth
 + Level 1.0 Shields


You had 9 spell levels left.
You didn't know any spells.
Your spell library contained the following spells:

 Spells                   Type           Power      Damage    Failure   Level
 Summon Small Mammal      Summ           0%         N/A       26%         1
 Blink                    Tloc           0%         N/A       34%         2
 Call Canine Familiar     Summ           0%         N/A       56%         3
 Summon Guardian Golem    Hex/Summ       0%         N/A       56%         3
 Manifold Assault         Tloc           0%         N/A       91%         4
 Chain Lightning          Conj/Air       0%         N/A       100%        9
 Fire Storm               Conj/Fire      0%         5d1       100%        9
 Shatter                  Erth           0%         3d5*      100%        9


Dungeon Overview and Level Annotations

Branches:
Dungeon (7/15)             Temple (0/1) D:5           Sewer (visited)

Altars:
Dithmenos
Elyvilon
Hepliaklqana
Kikubaaqudgha
Ru
Sif Muna
Trog
Vehumet
Wu Jian
Xom
Yredelemnul

Annotations:
D:6 exclusion: moth of wrath


Innate Abilities, Weirdness & Mutations

You cannot wear most types of armour.
You are amphibious.
You can wear up to eight rings at the same time.
Your skin changes colour to match your surroundings (Stealth+).
Your rubbery body absorbs attacks. (AC +1, EV +1)
((You are camouflaged when in or above water. (Stealth+)))
You have tentacles for arms and can constrict up to eight enemies at once.
One of your tentacles bears a spike.
You are partially covered in large bone plates. (SH +4)
You have supernaturally acute eyesight. (SInv)
You are agile. (Dex +4, Str/Int -1)
You possess an exceptional clarity of mind.
Your mind is very acute. (Int +8, Str/Dex -2)
You passively map the area around you.
Your system is resistant to poisons. (rPois)
Your muscles are strong. (Str +4, Int/Dex -1)
Your spells are a little harder to cast, but a little more powerful.


Message History

The killer bee stings you. The killer bee closely misses you.
You barely miss the killer bee.
You pierce the killer bee.
You squeeze the killer bee.
The killer bee is almost dead.
You constrict the killer bee. The killer bee stings you.
The killer bee misses you. The killer bee stings you.
You hit the killer bee.
Lightning courses through the killer bee!!
You kill the killer bee!
The killer bee stings you! The killer bee misses you.
The killer bee completely misses you. x2
Your Ranged Weapons skill increases to level 5!
You miss the killer bee. You grab the killer bee.
You pierce the killer bee.
The killer bee is lightly wounded.
You constrict the killer bee. The killer bee stings you.
* * * LOW HITPOINT WARNING * * *
You are poisoned.
The killer bee poisons you! The killer bee stings you.
* * * LOW HITPOINT WARNING * * *
You are more poisoned.
The killer bee poisons you!
You closely miss the killer bee.
You pierce the killer bee, but do no damage.
The killer bee is moderately wounded.
You constrict the killer bee.
* * * LOW HITPOINT WARNING * * *
You feel very sick. The killer bee barely misses you. x2
You hit the killer bee but do no damage.
You pierce the killer bee.
You squeeze the killer bee.
The killer bee is severely wounded.
You constrict the killer bee.
* * * LOW HITPOINT WARNING * * *
You feel sick. The killer bee misses you. The killer bee stings you!
* * * LOW HITPOINT WARNING * * *
It was a potion of curing.
You feel better.
You constrict the killer bee. The killer bee closely misses you.
The killer bee stings you!
* * * LOW HITPOINT WARNING * * *
The killer bee closely misses you. The killer bee stings you!
You die...

#........# #...##
#........# #####
#........# #####
#........# #....
#........# #.###
#........##########.#
#.................#.#
#.....y...#######.#.#
#..<.†@y......# #<#.#
#.#######.###.# #.#.#
#.# #.....# #.#.#
#.############# #.#.#
#.#.........# #.#.#
#.#.#######.#####.#.#
#.#.......#.##....#.#
#.######.##.##.####.#
#...........##.####.#


You could see 2 killer bees.

Vanquished Creatures
  A moth of wrath (D:6)
  The ghost of Age the Shooter, a novice MiFi (D:3)
  A troll (D:6)
  Sigmund (D:2)
  Menkaure (D:5)
  2 water moccasins
  Pargi (Sewer)
  2 orc warriors
  An ice beast (D:6)
  4 ogres
  A sky beast (D:7)
  3 centaurs
  A phantom (D:6)
  Blork the orc (D:5)
  2 scorpions
  4 killer bees
  A howler monkey (D:4)
  A jelly (D:4)
  4 quasits (D:3)
  2 hounds
  An orc priest (D:7)
  2 sleepcaps (D:5)
  Ijyb (D:4)
  4 iguanas
  2 orc wizards (D:7)
  6 adders
  A shadow imp (D:6)
  2 ufetubi
  5 worms
  4 dart slugs
  28 orcs
  6 endoplasms
  8 giant cockroaches
  13 goblins
  4 hobgoblins
  12 jackals
  7 kobolds
  5 quokkas
  8 ball pythons
  3 bats
  9 frilled lizards
  11 rats
177 creatures vanquished.

Vanquished Creatures (others)
  A quokka (D:5)
1 creature vanquished.

Grand Total: 178 creatures vanquished

Notes
Turn   | Place    | Note
-------+----------+-------------------------------------------
     0 | D:1      | Xavori the Octopode Chaos Knight began the quest for the
                  | Orb.
     0 | D:1      | Reached XP level 1. HP: 16/16 MP: 1/1
   281 | D:1      | Reached XP level 2. HP: 21/21 MP: 2/2
   511 | D:1      | Reached skill level 1 in Stealth
   553 | D:1      | Reached XP level 3. HP: 26/26 MP: 3/3
   636 | D:1      | XOM: silly message
  2582 | D:1      | XOM: cloud trail
  3380 | D:1      | XOM is BORED!
  3380 | D:1      | XOM: give mutation
  3380 | D:1      | Gained mutation: You passively map a small area around you.
                  | [Xom's mischief]
  3982 | D:1      | XOM: god gift: 56 gold pieces
  4586 | D:1      | XOM: cloud trail
  4806 | D:1      | XOM: god gift: steel ring {god gift}
  4982 | D:1      | XOM: scenery: create altars
  5029 | D:1      | XOM: give mutation
  5029 | D:1      | Gained mutation: Your mind is acute. (Int +4, Str/Dex -1)
                  | [Xom's grace]
  5104 | D:1      | XOM: god gift: 780 gold pieces
  5401 | D:1      | XOM: god gift: runed iron wand {god gift}
  5790 | D:1      | XOM: scenery: create altars
  6146 | D:1      | XOM: give mutations
  6146 | D:1      | Gained mutation: You possess an exceptional clarity of
                  | mind. [Xom's grace]
  6146 | D:1      | Gained mutation: Your mind is very acute. (Int +8, Str/Dex
                  | -2) [Xom's grace]
  6750 | D:1      | XOM: god gift: scroll labelled ZIRPHYE TOZUGE {god gift}
  6872 | D:1      | XOM is BORED!
  6872 | D:1      | XOM: give mutation
  6872 | D:1      | Lost mutation: You possess an exceptional clarity of mind.
                  | [Xom's mischief]
  8154 | D:1      | XOM: give mutations
  8154 | D:1      | Gained mutation: One of your tentacles bears a spike.
                  | [Xom's grace]
  8154 | D:1      | Gained mutation: You possess an exceptional clarity of
                  | mind. [Xom's grace]
  8154 | D:1      | Gained mutation: A frigid envelope surrounds you and
                  | freezes all who hurt you. [Xom's grace]
  8489 | D:1      | XOM: god gift: 5 boomerangs
  9355 | D:1      | XOM: god gift: scroll of butterflies
  9546 | D:1      | XOM: divination: detect items
  9562 | D:2      | Found a basalt altar of Yredelemnul.
  9582 | D:2      | XOM: 4-stop teleportation journey
  9752 | D:2      | Noticed Sigmund
  9831 | D:2      | Killed Sigmund
  9832 | D:2      | Reached skill level 4 in Stealth
  9832 | D:2      | Reached XP level 4. HP: 23/33 MP: 4/4
  9832 | D:2      | Reached XP level 5. HP: 26/37 MP: 5/5
  9886 | D:2      | XOM: give mutation
  9886 | D:2      | Gained mutation: Your system is resistant to poisons.
                  | (rPois) [Xom's grace]
 10275 | D:2      | XOM: god gift: 3 javelins
 10296 | D:2      | Reached XP level 6. HP: 33/43 MP: 6/6
 10458 | D:2      | XOM: noise
 10548 | D:3      | Found a transporter.
 10576 | D:3      | XOM: summons 3 hostile shadow creatures
 10845 | D:3      | Found an ornate altar of the Wu Jian Council.
 10869 | D:3      | XOM: smoke on damage
 10869 | D:3      | XOM: torment (23/43 hp)
 10973 | D:3      | Found a faded altar of an unknown god.
 11025 | D:3      | Found a transporter.
 11030 | D:3      | Noticed Age's ghost (novice MiFi)
 11067 | D:3      | XOM: polymorph kobold -> rat
 11366 | D:3      | XOM: potion effect (heal wounds)
 11369 | D:3      | Reached skill level 5 in Stealth
 11373 | D:3      | Killed Age's ghost
 11374 | D:3      | Reached skill level 5 in Short Blades
 11374 | D:3      | Reached skill level 6 in Stealth
 11374 | D:3      | Reached XP level 7. HP: 12/49 MP: 7/7
 11633 | D:3      | Reached skill level 7 in Stealth
 11780 | D:4      | XOM: silly message
 11800 | D:4      | XOM: give mutations
 11800 | D:4      | Gained mutation: Your spells are a little harder to cast,
                  | but a little more powerful. [Xom's mischief]
 11800 | D:4      | Gained mutation: Your muscles are strong. (Str +4, Int/Dex
                  | -1) [Xom's mischief]
 11934 | D:4      | Reached XP level 8. HP: 54/54 MP: 8/8
 11946 | D:4      | Found a white marble altar of Elyvilon.
 12066 | D:4      | Found a radiant altar of Vehumet.
 12076 | D:4      | Found a shadowy altar of Dithmenos.
 12083 | D:4      | Found a sacrificial altar of Ru.
 12096 | D:4      | Found an ancient bone altar of Kikubaaqudgha.
 12099 | D:4      | Found a basalt altar of Yredelemnul.
 12237 | D:4      | Noticed Ijyb
 12247 | D:4      | Killed Ijyb
 12639 | D:4      | Identified a scroll of acquirement
 12639 | D:4      | Acquired 1213 gold pieces
 12648 | D:5      | Entered Level 5 of the Dungeon
 12652 | D:5      | Reached skill level 8 in Stealth
 12684 | D:5      | XOM: give mutations
 12684 | D:5      | Lost mutation: Your system is resistant to poisons. (rPois)
                  | [Xom's mischief]
 12684 | D:5      | Gained mutation: You have hidden genetic potential. [Xom's
                  | mischief]
 12684 | D:5      | Lost mutation: A frigid envelope surrounds you and freezes
                  | all who hurt you. [Xom's mischief]
 12684 | D:5      | Gained mutation: Your system is resistant to poisons.
                  | (rPois) [Xom's mischief]
 12694 | D:5      | Reached skill level 5 in Fighting
 12796 | D:5      | XOM is BORED!
 12796 | D:5      | Noticed Menkaure
 12796 | D:5      | XOM: 2-stop teleportation journey
 12799 | D:5      | Killed Menkaure
 12903 | D:5      | Reached skill level 9 in Stealth
 12956 | D:5      | XOM: enchant monster (good)
 12958 | D:5      | XOM: scenery: create altars
 13102 | D:5      | Found a staircase to the Ecumenical Temple.
 13318 | D:5      | Found a glowing drain.
 13334 | D:5      | Noticed Blork the orc
 13341 | D:5      | Killed Blork the orc
 13365 | Sewer    | Entered a sewer
 13396 | Sewer    | Noticed Pargi
 13401 | Sewer    | Killed Pargi
 13402 | Sewer    | Reached skill level 5 in Dodging
 13402 | Sewer    | Reached skill level 10 in Stealth
 13613 | D:5      | Acquired the +27 heavy crossbow "Sniper" {heavy, Acc+∞
                  | SInv}
 13613 | D:5      | Found the +27 heavy crossbow "Sniper" {heavy, Acc+∞ SInv}
 13695 | D:6      | Reached XP level 9. HP: 44/62 MP: 9/9
 13819 | D:6      | Gained mutation: You are agile. (Dex +4, Str/Int -1)
                  | [hidden potential]
 13826 | D:6      | XOM: give mutations
 13826 | D:6      | Gained mutation: You are partially covered in large bone
                  | plates. (SH +4) [Xom's grace]
 13826 | D:6      | Gained mutation: You passively map the area around you.
                  | [Xom's grace]
 13908 | D:6      | XOM: enchant monster (good)
 13918 | D:6      | Noticed a troll
 13921 | D:6      | Killed a troll
 13922 | D:6      | Reached skill level 11 in Stealth
 13967 | D:6      | Found a hazy altar of Hepliaklqana.
 13967 | D:6      | Found a shimmering blue altar of Sif Muna.
 14303 | D:6      | Found the +18 Lear's hauberk
 14379 | D:6      | Reached skill level 1 in Ranged Weapons
 14545 | D:6      | Noticed a moth of wrath
 14548 | D:6      | Found a bloodstained altar of Trog.
 14557 | D:6      | XOM: cleaving
 14571 | D:6      | XOM: confuse monster(s)
 14691 | D:6      | XOM: confuse monster(s)
 14728 | D:6      | Killed a moth of wrath
 15318 | D:7      | Reached XP level 10. HP: 69/69 MP: 10/10
 15342 | D:7      | Reached skill level 1 in Shields
 15400 | D:7      | Gained mutation: You have supernaturally acute eyesight.
                  | (SInv) [hidden potential]
 15400 | D:7      | Lost mutation: You have hidden genetic potential. [hidden
                  | potential expressed]
 15424 | D:7      | XOM: noise
 15434 | D:6      | Reached skill level 5 in Ranged Weapons
 15437 | D:6      | Slain by a killer bee

Illustrated notes

Levels and vault maps discovered:
D:1:      elethiomel_arrival_quiet, layout_loops_corners
D:2:      layout_basic, basic_altar, uniq_sigmund
D:3:      layout_loops_ring, nicolae_wu_jian_glorious_leap,
          gammafunk_ghost_stat_death, dilly_ecumenical_altar_fadedgnrine,
          kennysheep_minor_cross, fountainhead
D:4:      kennysheep_goblin_castle, layout_cave_pools, lemuel_crystal_altar,
          minmay_overflow_temple_star_hex
D:5:      layout_loops_cross, minmay_temple_entry_large_hall,
          portal_sewer_entry_c, uniq_blork_the_orc, uniq_menkaure
D:6:      layout_basic, tgw_trog, mainiacjoe_overflow_large_starburst,
          st_stairs_3, hellmonk_guarded_unrand_lears
D:7:      layout_rooms, nicolae_overflow_hidden_temple

Skill      XL: |  1  2  3  4  5  6  7  8  9 10 |
---------------+-------------------------------+-----
Stealth        | 1 4 6 7 10 11 | 11.5
Short Blades   | 4 5 6 7 |  7.2
Fighting       | 4 5 6 |  6.4
Dodging        | 3 4 5 |  5.8
Ranged Weapons | 3 5 |  5.0
Shields        | 1 |  1.0

Action                     |  1- 3 |  4- 6 |  7- 9 | 10-12 || total
---------------------------+-------+-------+-------+-------++-------
  Melee: Short sword       |    70 |    50 |    33 |       ||   153
         Constrict         |    21 |     9 |    34 |     3 ||    67
         Tentacles         |    10 |     8 |    35 |     4 ||    57
         Punch             |     2 |     1 |       |       ||     3
         Kick              |     3 |    14 |    52 |     8 ||    77
         Dagger            |       |       |    97 |    11 ||   108
   Fire: Heavy crossbow    |       |       |    27 |     8 ||    35
    Use: Scroll            |     1 |       |    10 |     1 ||    12
         Potion            |       |     2 |       |     2 ||     4
   Stab: Sleeping          |     7 |    11 |    16 |       ||    34
 Armour: Skin              |    24 |    38 |    56 |    23 ||   141
  Dodge: Dodged            |    39 |    33 |    73 |    56 ||   201
  Block: Other             |       |       |    10 |     5 ||    15

Table legend: (Time is in decaauts)
 A = Elapsed time spent in this place.
 B = Non-inter-level travel time spent in this place.
 C = Inter-level travel time spent in this place.
 D = Time resting spent in this place.
 E = Time spent auto-exploring this place.
 F = Levels seen in this place.
 G = Mean time per level.
                   A        B        C        D        E       F      G
               +--------+--------+--------+--------+--------+-----+--------+
         Total |  15447 |  15112 |    335 |   9046 |   4948 |   8 | 1930.9 |
       Dungeon |  15209 |  14874 |    335 |   9046 |   4789 |   7 | 2172.7 |
         Sewer |    238 |    238 |      0 |      0 |    159 |   1 |  238.0 |
               +--------+--------+--------+--------+--------+-----+--------+

Top non-repeatable levels by time:
     D:1: 9537 daAuts
     D:6: 1561 daAuts
     D:3: 1251 daAuts
     D:4: 917 daAuts
     D:2: 906 daAuts
     D:5: 736 daAuts
     D:7: 299 daAuts
   Sewer: 238 daAuts
